cohdb
Replays
Latest Replays
All Replays
Popular Replays
Top Player Replays
Match Explorer
How It Works
Community
CoH3 Stats
Reddit
Sign in to upload your games and track your stats! →
Sign in with Steam
Match 41785752
Unlisted
Match 41785752
Overview
Messages
Build Orders
End
Construct Barracks
Selects Advanced Infantry Battlegroup
Selects Advanced Infantry Battlegroup
Riflemen Squad
Riflemen Squad
M1 Mortar Team
Grenade Package
Construct Weapon Support Center
Infantry Support Center
Selects Convert to Ranger Squad
M3 Armored Personnel Carrier
Convert to Ranger Squad
Selects Ammunition Storage
M1919 Machine Gun Team
M1918 Browning Automatic Rifles
Convert to Ranger Squad
Construct Motor Pool
M1 Anti-tank Gun Team
Selects Frontline Medical Station
Selects Infantry Assault
Captain Retinue
Infantry Assault
Construct Tank Depot
Engineer Squad
M1 Anti-tank Gun Team
Infantry Assault
blessed MX
SteveyH
Max
TheGoatMan
=BIA=Daghito
Guderian ITA
Gorgolo
Seby0505
0
0
Comments
sign in to comment!
No comments posted yet!